 Dungeon Crawl Stone Soup version 0.18-a0-988-gb7d270e (webtiles) character file.

95 Havendes the Skirmisher (level 4, 0/37 HPs)
             Began as a Demonspawn Abyssal Knight on Jan 3, 2016.
             Was a Believer of Lugonu.
             Slain by Grinder (8 damage)
             ... while paralysed by Grinder
             ... on level 3 of the Dungeon.
             The game lasted 00:15:43 (1471 turns).

Havendes the Skirmisher (Demonspawn Abyssal Knight) Turns: 1471, Time: 00:15:44

Health: 0/37       AC:  7    Str: 13    XL:     4   Next: 39%
Magic:  6/6        EV:  2    Int: 13    God:    Lugonu [**....]
Gold:   115        SH:  0    Dex: 13    Spells: 0 memorised, 3 levels left

rFire  . . .     SeeInvis .     a - +2 short sword
rCold  . . .     Gourm    .     b - +0 leather armour
rNeg   . . .     Faith    .     (no shield)
rPois  .         Spirit   .     (no helmet)
rElec  .         Dismiss  .     (no cloak)
rCorr  .         Reflect  .     (no gloves)
SustAt .         Harm     .     (no boots)
MR     .....                    (no amulet)
Stlth  +.........               (no ring)
                                (no ring)

@: paralysed, not resistant to hostile enchantments, very unstealthy
A: iridescent scales 1, spiny 1
a: Depart the Abyss, Bend Space, Renounce Religion


You were on level 3 of the Dungeon.
You worshipped Lugonu.
Lugonu was pleased with you.
You were not hungry.

You visited 1 branch of the dungeon, and saw 3 of its levels.
You visited the Abyss 1 time.

You collected 115 gold pieces.

Inventory:

Hand Weapons
 a - a +2 short sword (weapon)
Missiles
 k - 12 poisoned needles (quivered)
Armour
 b - a +0 leather armour (worn)
Scrolls
 d - 6 scrolls of identify
 i - a scroll of remove curse
 l - 2 scrolls of noise
Potions
 e - 3 potions of curing
 m - a potion of might {unknown}
 n - a potion of lignification {unknown}
 p - a potion of brilliance {unknown}
Comestibles
 c - 3 bread rations
 f - a meat ration
 g - a slice of pizza
 j - 3 fruits
 o - a chunk of flesh


   Skills:
 + Level 3.8 Fighting
 + Level 2.2 Short Blades
 + Level 2.4 Armour
 + Level 1.5 Dodging
 + Level 3.5 Invocations


You had 3 spell levels left.
You didn't know any spells.

Dungeon Overview and Level Annotations

Branches:
Dungeon (3/15)

Altars:

Annotations:
D:3 Grinder


Innate Abilities, Weirdness & Mutations

You are partially covered in iridescent scales (AC +4).
You are partially covered in sharp spines.


Message History

Grinder is struck by your spines. Grinder hits you!
You hit Grinder.
Grinder is moderately wounded.
Grinder gestures at you. Pain shoots through your body!
You hit Grinder.
Grinder is moderately wounded.
You hit Grinder.
Grinder is moderately wounded.
Grinder hits you.
You writhe in agony.
You hit Grinder.
Grinder is heavily wounded.
Grinder gestures at you.
You suddenly lose the ability to move!
Grinder is struck by your spines. Grinder hits you.
You writhe in agony.
You writhe in agony.
Grinder is struck by your spines. Grinder hits you.
You writhe in agony.
* * * LOW HITPOINT WARNING * * *
Grinder hits you!
You die...

# ######## .
#......#
#.#.####.#
###.#.#(.#@#
#........#5#
###.#.#.##.#.#
......>....#(#
##.#.#.####(#
#.#.#.# ... #
# #.# ### #.#
#.#


You could see Grinder.

Vanquished Creatures
  4 adders (D:2)
  An ooze (D:1)
  2 worms (D:2)
  6 giant geckos
  A giant cockroach (D:2)
  7 hobgoblins
  2 jackals (D:1)
  6 kobolds
  4 bats
  A giant newt (D:2)
  3 goblins
  9 rats
46 creatures vanquished.

Vanquished Creatures (others)
  4 toadstools (D:1)
4 creatures vanquished.

Grand Total: 50 creatures vanquished

Notes
Turn   | Place    | Note
--------------------------------------------------------------
     0 | Abyss:1  | Havendes the Demonspawn Abyssal Knight began the quest for the Orb.
     0 | Abyss:1  | Reached XP level 1. HP: 18/18 MP: 2/2
    12 | D:1      | Escaped the Abyss
   107 | D:1      | Reached * piety under Lugonu
   117 | D:1      | Gained mutation: You are partially covered in iridescent scales (AC +4). [demonic ancestry]
   117 | D:1      | Reached XP level 2. HP: 13/24 MP: 4/4
   360 | D:1      | Reached skill level 1 in Dodging
   636 | D:1      | Gained mutation: You are partially covered in sharp spines. [demonic ancestry]
   636 | D:1      | Reached XP level 3. HP: 29/29 MP: 5/5
   798 | D:2      | Reached ** piety under Lugonu
   825 | D:2      | Reached XP level 4. HP: 36/36 MP: 6/6
  1458 | D:3      | Noticed Grinder
  1458 | D:3      | Paralysed by Grinder for 3 turns
  1468 | D:3      | Paralysed by Grinder for 6 turns
  1471 | D:3      | Slain by Grinder

Vault maps used:
D:1:      ldierk_water_garden
D:2:      serial_park_tiny_1
D:3:      cheibriados_altar_wand_db, uniq_grinder

Action                   |  1- 3 |  4- 6 || total
-------------------------+-------+-------++-------
Melee: Short sword       |    70 |    63 ||   133
Invok: Depart the Abyss  |     1 |       ||     1
  Use: Scroll            |     5 |     2 ||     7
       Potion            |     3 |       ||     3
 Stab: Sleeping          |     1 |       ||     1
       Distracted        |       |     1 ||     1
  Eat: Chunk             |       |     2 ||     2
